 Dungeon Crawl Stone Soup version 0.28.0-49-g6dfe1f597d (webtiles) character file.

Game seed: 11071264229323566724

622 FreshCat the Covert (level 7, 31/31 HPs)
             Began as a Felid Delver on May 6, 2022.
             Was a Believer of Wu Jian.
             Quit the game on level 8 of the Dungeon on May 16, 2022.
             The game lasted 00:37:43 (10427 turns).

FreshCat the Covert (Felid Delver)                 Turns: 10427, Time: 00:37:44

Health: 31/31      AC:  2    Str: 10    XL:     7   Next: 22%
Magic:  8/8        EV: 20    Int: 12    God:    Wu Jian [**....]
Gold:   336        SH:  0    Dex: 17    Spells: 6/6 levels left
                                        Lives:  0   Deaths: 2

rFire   x . .      SeeInvis +     - Unarmed
rCold   + . .      Faith    .   (shield unavailable)
rNeg    . . .      Spirit   .   (armour unavailable)
rPois   .          Reflect  .   (helmet unavailable)
rElec   .          Harm     .   (cloak unavailable)
rCorr   .          Rampage  .   (gloves unavailable)
Will    ++...                   (boots unavailable)
Stlth   +++++.....              (no amulet)
HPRegen 0.10/turn               o - ring of ice
MPRegen 0.11/turn               m - ring of willpower

@: studying Poison Magic, quick
A: very small, claws 1, fangs 3, see invisible, speed 1, shaggy fur 2, stealthy
paws, no weapons or thrown items, no armour, multi-lived
a: Renounce Religion, Wall Jump


You were on level 8 of the Dungeon.
You worshipped Wu Jian.
Wu Jian was pleased with you.
You visited 1 branch of the dungeon, and saw 10 of its levels.

You collected 336 gold pieces.

Inventory:

Jewellery
 k - a ring of magical power
 m - a ring of willpower (right paw)
 o - a ring of ice (left paw)
Wands
 e - a wand of digging (3)
Scrolls
 a - a scroll of fog
 b - 2 scrolls of magic mapping
 c - a scroll of immolation
 f - a scroll of amnesia
 j - 3 scrolls of identify
 n - a scroll of brand weapon {unknown}
 p - a scroll of vulnerability {unknown}
Potions
 d - 4 potions of haste
 g - a potion of mutation {unknown}
 h - a potion of brilliance {unknown}
 i - 4 potions of lignification {unknown}
 l - a potion of might {unknown}
 q - a potion of degeneration {unknown}


   Skills:
 + Level 3.9 Fighting
 + Level 5.7 Dodging
 + Level 10.9 Stealth
 + Level 8.6 Unarmed Combat


You had 6 spell levels left.
You didn't know any spells.
Your spell library contained the following spells:

 Spells                   Type           Power      Damage    Failure   Level
 Gell's Gravitas          Tloc           0%         N/A       69%         3
 Lesser Beckoning         Tloc           0%         N/A       69%         3
 Teleport Other           Tloc           0%         N/A       69%         3


Dungeon Overview and Level Annotations

Branches:
Dungeon (10/15)            Temple (0/1) D:4
   Lair: D:8-11         Orc: D:9-12

Altars:
Gozag
Sif Muna
Wu Jian
Zin

Shops:
D:1 (   D:8 (   D:10 :

Annotations:
D:1 exclusions: downstairs and gnoll
D:2 exclusion: 3 gnolls, Terence
D:3 2 runed translucent doors, Natasha; kalagan's ghost, amateur DjCj
D:4 exclusions: hound and 3 orcs
D:5 3 runed translucent doors, exclusions: downstairs and phantom, Quickbrownfox's ghost, novice DsIE
D:6 exclusion: phantom, Grinder
D:7 1 runed translucent door, exclusions: orc warrior and 2 orc wizards, kulik242's ghost, novice NaTm
D:8 exclusions: downstairs, 2 gnolls and gnoll shaman


Innate Abilities, Weirdness & Mutations

You have sharp claws.
You have razor-sharp teeth.
You have supernaturally acute eyesight. (SInv)
You cover ground quickly. (Speed+)
You are covered in thick fur. (AC +2)
Your paws help you pounce on unaware monsters.
You are incapable of wielding weapons or throwing items.
You cannot wear armour.
You gain extra lives every three experience levels.


Message History

The orc wizard casts a spell.
The orc wizard flickers and vanishes for a moment.
You closely miss the orc wizard. You barely miss the orc wizard.
Your bite misses the orc wizard. The orc wizard misses you.
You barely miss the orc wizard.
The orc wizard hits you with a +0 dagger.
The orc hits you with a +0 short sword.
You spin and attack the orc wizard.
You scratch the orc wizard.
The orc wizard is moderately wounded.
The orc wizard casts a spell.
The orc wizard flickers and vanishes for a moment.
You barely miss the orc. Your bite misses the orc.
The orc wizard hits you with a +0 dagger.
The orc misses you.
You spin and attack the orc.
You scratch the orc.
The orc is lightly wounded.
You spin and attack the orc wizard.
You scratch the orc wizard.
You bite the orc wizard, but do no damage.
The orc wizard is heavily wounded.
You spin and attack the orc.
You scratch the orc.
You kill the orc!
The Council accepts your kill.
You spin and attack the orc wizard.
You claw the orc wizard!
The orc wizard is almost dead.
You spin and attack the orc wizard.
You closely miss the orc wizard. The orc wizard casts a spell at you.
The puff of flame hits you! The fire burns you terribly!
You scratch the orc wizard.
The orc wizard is moderately wounded.
The orc wizard points at you and mumbles some strange words.
The puff of flame hits you. The fire burns you terribly!
* * * LOW HITPOINT WARNING * * *
The orc priest calls down the wrath of Beogh upon you.
Beogh smites you!
You die...
The orc wizard hits you with a +0 dagger.
You are now level 7!
You rejoin the land of the living...
Are you sure you want to abandon this character and quit the game? (Confirm with "yes".)

.......# #..........#
.......# #..........#
.......# #..........#
..##..########..##....#
..##..#......#........#
......#......#...#....#
......#..........#....#
......#......+...#....#
#'##'##......#..@#...###
...............#)#.#...#
................###....#
##...............#.....#
..###..................#
##...########'###+.#####
........###........#..#
##...###...###.....'..#
..###.........######..#


There were no monsters in sight!

Vanquished Creatures
  A steam dragon (D:8)
  A water moccasin (D:7)
  An ice beast (D:5)
  A black bear (D:5)
  2 necrophages
  A sky beast (D:7)
  A hornet zombie (D:5)
  An ogre (D:4)
  A bullfrog (D:7)
  2 scorpions
  2 jellies
  A centaur zombie (D:6)
  2 orc priests
  3 hounds
  2 bullfrog skeletons
  A centaur skeleton (D:7)
  4 iguanas
  5 orc wizards
  A scorpion zombie (D:5)
  2 hound skeletons
  A howler monkey zombie (D:9)
  5 adders
  An adder zombie (D:4)
  An adder skeleton (D:4)
  3 worms
  4 dart slugs
  8 orcs
  4 ball pythons
  3 bats
  6 endoplasms
  4 giant cockroaches
  4 goblins
  5 hobgoblins
  4 jackals (D:2)
  2 quokkas
  4 frilled lizards
  2 kobolds
  8 rats
104 creatures vanquished.

Notes
Turn   | Place    | Note
-------+----------+-------------------------------------------
     0 | D:5      | FreshCat the Felid Delver began the quest for the Orb.
     0 | D:5      | Reached XP level 1. HP: 10/10 MP: 2/2
     1 | D:6      | Noticed an ice beast
     4 | D:5      | Noticed a jelly
    21 | D:5      | Noticed an iguana
    67 | D:6      | Noticed Grinder
    67 | D:6      | Noticed a phantom
    67 | D:6      | Noticed a centaur
    67 | D:6      | Noticed a hound
    93 | D:3      | Found an opulent altar of Gozag.
   127 | D:3      | Found a glowing silver altar of Zin.
   395 | D:3      | Found a shimmering blue altar of Sif Muna.
   396 | D:3      | Found an ornate altar of the Wu Jian Council.
   464 | D:3      | Noticed Natasha
   659 | D:2      | Reached XP level 2. HP: 14/14 MP: 3/3
   974 | D:3      | Became a worshipper of the Wu Jian Council
  1042 | D:1      | Reached skill level 7 in Stealth
  1285 | D:1      | Found Guluub's Weapon Shop.
  1690 | D:1      | Reached XP level 3. HP: 17/17 MP: 4/4
  1694 | D:1      | Found a faded altar of an unknown god.
  2682 | D:2      | Noticed Terence
  3049 | D:2      | Reached * piety under Wu Jian
  3789 | D:3      | Reached XP level 4. HP: 21/21 MP: 5/5
  3800 | D:3      | Found a runed translucent door.
  3800 | D:3      | Noticed kalagan's ghost (amateur DjCj)
  4319 | D:3      | Found a runed translucent door.
  4594 | D:4      | Reached skill level 8 in Stealth
  4810 | D:4      | Noticed an ogre
  5114 | D:5      | Reached XP level 5. HP: 24/24 MP: 6/6
  5130 | D:6      | Noticed a phantom
  5379 | D:5      | Noticed a phantom
  5420 | D:5      | Found a runed translucent gate.
  5420 | D:5      | Found a runed translucent gate.
  5420 | D:5      | Found a runed translucent gate.
  5421 | D:5      | Noticed Quickbrownfox's ghost (novice DsIE)
  5422 | D:5      | Noticed a black bear
  5854 | D:5      | Gained mutation: You are covered in thick fur. (AC +2)
                  | [Felid growth]
  5854 | D:5      | Reached XP level 6. HP: 20/28 MP: 7/7
  6199 | D:5      | Reached skill level 9 in Stealth
  6202 | D:5      | Reached skill level 5 in Unarmed Combat
  6845 | D:5      | Reached XP level 7. HP: 17/31 MP: 8/8
  7506 | D:4      | Found a staircase to the Ecumenical Temple.
  7774 | D:4      | Reached ** piety under Wu Jian
  7895 | D:4      | Reached skill level 5 in Dodging
  8558 | D:5      | Reached XP level 8. HP: 33/36 MP: 9/9
  8558 | D:5      | Upgraded the game from 0.28.0-47-ge53b351184 to
                  | 0.28.0-49-g6dfe1f597d
  8677 | D:6      | Shot with an arrow by a centaur
  8678 | D:6      | Reached XP level 7. HP: -3/31 MP: 8/8
  8811 | D:7      | Reached skill level 10 in Stealth
  8992 | D:7      | Identified the +1 leather armour of Loitog {rF+ rC- Will+}
  9384 | D:7      | Reached XP level 8. HP: 36/36 MP: 9/9
  9385 | D:7      | Found a runed translucent door.
  9387 | D:7      | Noticed kulik242's ghost (novice NaTm)
 10012 | D:9      | Noticed a cyan ugly thing
 10189 | D:8      | Found Fibiy's Weapon Shop.
 10272 | D:10     | Entered Level 10 of the Dungeon
 10272 | D:10     | Found Ges Qups's Book Emporium.
 10426 | D:8      | Killed from afar by an orc priest
 10427 | D:8      | Reached XP level 7. HP: -7/31 MP: 8/8
 10427 | D:8      | Quit the game

Illustrated notes

Levels and vault maps discovered:
D:1:      dpeg_arrival_simpleton_a, layout_basic, serial_shops,
          nicolae_shop_trees, shapermc_ecumenical_altar_mp_ritualfount
D:2:      layout_basic, uniq_terence
D:3:      layout_loops_ring, mainiacjoe_overflow_alcove_3,
          ebering_ghost_sewer_f, uniq_natasha
D:4:      kennysheep_six_static_rooms, layout_basic, minmay_temple_entry_glass,
          minmay_misc_feat_rugged, nicolae_figureground_pulse
D:5:      layout_gridville, gammafunk_ghost_nasty_kobolds, minmay_manual_mess
D:6:      layout_rooms, uniq_grinder
D:7:      layout_basic, ebering_ghost_inner_flame, uniq_crazy_yiuf_cottage
D:8:      nicolae_BIG_FREAKIN_CUBE, layout_gridville, serial_shops,
          nicolae_shop_advertising_works [nicolae_subvault_shop_adworks],
          uniq_harold
D:9:      layout_cave_pods, minmay_statue_bubble, uniq_prince_ribbit1,
          uniq_psyche
D:10:     layout_rooms, serial_shops, kennysheep_little_box,
          nicolae_shop_statue_plus, nicolae_stop_n_shop_2, enter_bailey_5,
          serial_bayou_lagoon_a, nicolae_island_escapes, uniq_urug, uniq_fannar

Skill      XL: |  1  2  3  4  5  6  7 |
---------------+----------------------+-----
Stealth        | 7 8 9 10 | 10.9
Unarmed Combat | 3 4 5 8 |  8.6
Dodging        | 3 4 5 |  5.7
Fighting       | |  3.9

Action                   |  1- 3 |  4- 6 |  7- 9 || total
-------------------------+-------+-------+-------++-------
Melee: Unarmed           |    92 |   129 |   142 ||   363
       Bite              |     8 |    14 |    16 ||    38
       Punch             |       |     5 |     7 ||    12
Invok: Lunge             |    19 |    12 |    19 ||    50
       Whirlwind         |       |    47 |    56 ||   103
  Use: Scroll            |       |     6 |       ||     6
       Potion            |       |     5 |     2 ||     7
 Stab: Sleeping          |    20 |     6 |     8 ||    34
       Distracted        |       |     1 |     1 ||     2
Armor: Skin              |     3 |     5 |     8 ||    16
Dodge: Dodged            |    40 |    93 |    87 ||   220
